 Dungeon Crawl Stone Soup version 0.27.0-1-g7a08968 (webtiles) character file.

Game seed: 15897785843180863434

116 qwerrewq the Conjurer (level 4, -4/35 HPs)
             Began as a Demigod Conjurer on Feb 19, 2024.
             Slain by Crazy Yiuf (18 damage)
             ... on level 3 of the Dungeon.
             The game lasted 00:07:20 (2992 turns).

qwerrewq the Conjurer (Demigod Conjurer)            Turns: 2992, Time: 00:07:21

Health: -4/35      AC:  2    Str:  8    XL:     4   Next: 43%
Magic:  6/10       EV: 12    Int: 24    God:
Gold:   162        SH:  0    Dex: 12    Spells: 1/8 levels left

rFire    . . .     SeeInvis .   f - +0 short sword
rCold    . . .     Faith    .   (no shield)
rNeg     . . .     Spirit   .   a - +0 robe
rPois    .         Reflect  .   (no helmet)
rElec    .         Harm     .   (no cloak)
rCorr    .         Rampage  .   (no gloves)
Will     .....                  (no boots)
Stlth    ++........             (no amulet)
HPRegen  0.11/turn              (no ring)
MPRegen  0.12/turn              (no ring)

@: no status effects
A: high mp 1, forlorn
a: no special abilities


You were on level 3 of the Dungeon.
You visited 1 branch of the dungeon, and saw 3 of its levels.

You collected 162 gold pieces.

Inventory:

Hand Weapons
 f - a +0 short sword (weapon)
Missiles
 b - 86 stones
 c - 11 poisoned darts
Armour
 a - a +0 robe (worn)
Scrolls
 e - 2 scrolls of enchant armour {unknown}
Potions
 d - 2 potions of brilliance {unknown}
 g - a potion of haste {unknown}
 i - a potion of curing {unknown}
 l - 2 potions of heal wounds {unknown}


   Skills:
 - Level 1.0 Fighting
 - Level 1.7 Dodging
 + Level 3.0 Stealth
 + Level 2.6 Spellcasting
 + Level 4.2 Conjurations
 + Level 0.4 Translocations


You had one spell level left.
You knew the following spells:

 Your Spells              Type           Power      Damage    Failure   Level
a - Magic Dart            Conj           92%        1d7       1%          1
f - Iskenderun's Mystic   Conj/Tloc      14%        2d5       38%         4
q - Searing Ray           Conj           46%        3d4       3%          2

Your spell library contained the following spells:

 Spells                   Type           Power      Damage    Failure   Level
 Dazzling Flash           Conj/Hex       26%        N/A       14%         3
 Call Imp                 Summ           3%         N/A       17%         2
 Mephitic Cloud           Conj/Pois/Air  10%        N/A       19%         3
 Fulminant Prism          Conj/Hex       6%         3d7       43%         4


Dungeon Overview and Level Annotations

Branches:
Dungeon (3/15)

Annotations:
D:3 Crazy Yiuf


Innate Abilities, Weirdness & Mutations

Your attributes grow dramatically as you level up.
You have an increased reservoir of magic. (+10% MP)
You shall have no god before yourself.


Message History

Partly explored, can't reach some places.
Partly explored, can't reach some places.
Partly explored, can't reach some places.
Partly explored, can't reach some places.
You see here a +0 mace.
Unknown command.
Really walk into a travel-excluded area? [Y]es or [N]o only, please.
Really walk into a travel-excluded area?
Okay, then.
Unknown command.
Press: ? - help, v - describe, . - travel The floor.
Removed exclusion.
Found a mace.
Found a runed translucent door.
Okay, then.
Okay, then.
You open the door.
Crazy Yiuf yells, "Ice!"
Really read
k - a scroll of fear {!r}?
As you read the scroll of fear {!r}, it crumbles to dust.
You assume a fearsome visage.
Crazy Yiuf looks frightened!
Crazy Yiuf howls in fear.
Aiming: Searing Ray (safe; 3% risk of failure)
Press: ? - help, Q - select action, (/) - cycle Shift-Dir - straight line, f - Crazy Yiuf
Aim: Crazy Yiuf, wielding a +4 quarterstaff of chaos and wearing a +0 cloak (fleeing, 81% to hit)
The searing ray hits Crazy Yiuf.
Crazy Yiuf is moderately wounded.
Your attack snaps Crazy Yiuf out of his fear. (Press . to maintain the ray.)
The searing ray hits Crazy Yiuf!
Crazy Yiuf is severely wounded.
Crazy Yiuf hits you with a +4 quarterstaff of chaos!!
Ouch! That really hurt!
Crazy Yiuf burns you.
The searing ray hits Crazy Yiuf.
Crazy Yiuf is almost dead.
Crazy Yiuf hits you with a +4 quarterstaff of chaos!!
Ouch! That really hurt!
You die...

#.# ###'##
#...)####...# #.#
##...## ##..##
#...# <.# ##....>#
♣..).♣ #...#
#####......# ♣...♣♣
#..## ####.......#
♣♣.♣♣ #.##
...'.......# ♣.♣♣
### ####.......#
♣♣.♣ # ##......#
♣.♣♣ ##.....# ♣♣@♣
##...## #g# ##+##
... ########.#
#...# .........#
#..)# ..#####..##
##### ..# ##.[.##
..####.....# ###
..........#######.#


You could see Crazy Yiuf.

Vanquished Creatures
  A killer bee zombie (D:3)
  4 adders (D:3)
  5 worms
  3 orcs (D:3)
  2 ball pythons
  5 endoplasms
  3 giant cockroaches
  A goblin (D:1)
  2 hobgoblins (D:2)
  4 jackals (D:2)
  A quokka (D:1)
  4 bats
  3 frilled lizards
  4 kobolds
  4 rats
46 creatures vanquished.

Notes
Turn   | Place    | Note
-------+----------+-------------------------------------------
     0 | D:1      | qwerrewq the Demigod Conjurer began the quest for the Orb.
     0 | D:1      | Reached XP level 1. HP: 14/14 MP: 5/5
   663 | D:1      | Reached XP level 2. HP: 19/22 MP: 1/7
   722 | D:1      | Learned a level 2 spell: Searing Ray
   857 | D:1      | Reached skill level 1 in Fighting
  1535 | D:2      | Reached XP level 3. HP: 28/28 MP: 0/8
  1845 | D:3      | Reached skill level 4 in Conjurations
  2223 | D:3      | Reached XP level 4. HP: 35/35 MP: 7/10
  2234 | D:3      | Learned a level 4 spell: Iskenderun's Mystic Blast
  2984 | D:3      | Found a runed translucent door.
  2985 | D:3      | Noticed Crazy Yiuf
  2992 | D:3      | Slain by Crazy Yiuf

Illustrated notes

Levels and vault maps discovered:
D:1:      dpeg_arrival_lava_temple_mockup, layout_loops_ring
D:2:      layout_basic, ebering_ecumenical_altar_abandoned,
          grunt_decor_arrowhead
D:3:      layout_loops_corners, grunt_gozag_breadcrumbs, old_standard_altar,
          gup_sewer_entry_bubbles, uniq_crazy_yiuf_cottage

Skill      XL: |  1  2  3  4 |
---------------+-------------+-----
Stealth        | 2 3 |  3.0
Fighting       | 1 |  1.0
Spellcasting   | 2 |  2.6
Conjurations   | 4 |  4.2
Dodging        | |  1.7
Translocations | |  0.4

Action                   |  1- 3 |  4- 6 || total
-------------------------+-------+-------++-------
Melee: Short sword       |     4 |     7 ||    11
 Cast: Magic Dart        |    21 |       ||    21
       Searing Ray       |    21 |     8 ||    29
  Use: Scroll            |     5 |     1 ||     6
Armor: Robe              |     4 |     2 ||     6
Dodge: Dodged            |    14 |     4 ||    18
